 Dungeon Crawl Stone Soup version 0.17.2-1-ge4368a0 (webtiles) character file.

53 DarthKuruptios the Firebug (level 3, -4/26 HPs)
             Began as a Draconian Fire Elementalist on Dec 6, 2018.
             Slain by DarthKuruptios's ghost (12 damage)
             ... on level 3 of the Dungeon.
             The game lasted 00:11:20 (2170 turns).

DarthKuruptios the Firebug (DrFE)                   Turns: 2170, Time: 00:11:20

Health: -4/26      AC:  5    Str: 10    XL:     3   Next: 62%
Magic:  4/6        EV: 12    Int: 15    God:
Gold:   71         SH:  0    Dex: 12    Spells: 2 memorised, 3 levels left

rFire  . . .     SeeInvis .     (no weapon)
rCold  . . .     Clarity  .     (armour unavailable)
rNeg   . . .     SustAt   .     (no shield)
rPois  .         Gourm    .     (helmet restricted)
rElec  .         Spirit   .     (no cloak)
rCorr  .         Warding  .     (no gloves)
rMut   .         Stasis   .     (no boots)
MR     .....                    (no amulet)
Stlth  ++........               (no ring)
                                (no ring)

@: not resistant to hostile enchantments, unstealthy
A: unfitting armour, cold-blooded, AC +5
a: no special abilities


You were on level 3 of the Dungeon.
You were very hungry.

You visited 1 branch of the dungeon, and saw 3 of its levels.

You collected 71 gold pieces.

Inventory:

Armour
 j - a +0 pair of gloves
Jewellery
 d - an uncursed ring of poison resistance {unknown}
 k - a +6 ring of dexterity {unknown}
Wands
 l - a wand of random effects (32)
Scrolls
 c - a scroll of immolation {unknown}
Potions
 e - a potion of poison {unknown}
 g - a potion of curing {unknown}
 h - a potion of degeneration {unknown}
 i - a potion of cure mutation {unknown}
Books
 a - a book of Flames

   Spells                             Type                      Level
   a - Flame Tongue                   Conjuration/Fire             1
   b - Throw Flame                    Conjuration/Fire             2
   c - Conjure Flame                  Conjuration/Fire             3
   d - Inner Flame                    Hexes/Fire                   3
   e - Sticky Flame                   Conjuration/Fire             4
   f - Fireball                       Conjuration/Fire             5
Comestibles
 b - 2 bread rations
 f - a slice of pizza
 m - a meat ration


   Skills:
 + Level 2.1 Dodging
 - Level 1.7 Stealth
 * Level 2.5 Spellcasting
 * Level 1.9 Conjurations
 + Level 3.6 Fire Magic


You had 3 spell levels left.
You knew the following spells:

 Your Spells              Type           Power        Failure   Level  Hunger
a - Flame Tongue          Conj/Fire      ##...        10%         1    #......
b - Inner Flame           Hex/Fire       #.......     34%         3    ###....


Dungeon Overview and Level Annotations

Branches:
Dungeon (3/15)

Altars:

Annotations:
D:3 DarthKuruptios's ghost, weakling MiBe


Innate Abilities, Weirdness & Mutations

Your plain brown scales are hard (AC +5).
Your body does not fit into most forms of armour.
You are cold-blooded and may be slowed by cold attacks.


Message History

DarthKuruptios's ghost screams in joy, "As in life, so in death: Kill!
Kill!!
Kill!!!"
DarthKuruptios's ghost hits you.
Casting: Flame Tongue
Confirm with . or Enter, or press ? or * to list all spells.
Aiming: Flame Tongue
Press: ? - help, Shift-Dir - straight line, f - DarthKuruptios's ghost
Aim: DarthKuruptios's ghost The flame tongue hits DarthKuruptios's ghost.
DarthKuruptios's ghost appears unharmed.
DarthKuruptios's ghost hits you but does no damage.
Unknown command.
Casting: Flame Tongue
Confirm with . or Enter, or press ? or * to list all spells.
Aiming: Flame Tongue
Press: ? - help, Shift-Dir - straight line, f/p - DarthKuruptios's ghost
Aim: DarthKuruptios's ghost The flame tongue hits DarthKuruptios's ghost.
DarthKuruptios's ghost is lightly damaged.
DarthKuruptios's ghost hits you!
You die...

#.....###.##.####..###.......#
#.........................####
......#.............#......###..
......#...<......#..............
##...###.......###...........#..
#...#.......####..........###
....#.###....#.####....## #.....
###..W........# #####.
#.@.####...... #. #..## #.####..
#...# ..# #.. #..#.# .### ..
#.#... #. ... # ####


You could see DarthKuruptios's ghost.

Vanquished Creatures
  An adder (D:2)
  2 oozes (D:1)
  A giant gecko (D:1)
  5 giant cockroaches (D:2)
  6 hobgoblins
  3 kobolds
  6 bats
  3 goblins
  4 rats
31 creatures vanquished.

Notes
Turn   | Place    | Note
--------------------------------------------------------------
     0 | D:1      | DarthKuruptios the Draconian Fire Elementalist began the quest for the Orb.
     0 | D:1      | Reached XP level 1. HP: 14/14 MP: 3/3
   237 | D:1      | Reached XP level 2. HP: 20/20 MP: 0/5
  1284 | D:1      | Reached XP level 3. HP: 18/26 MP: 0/6
  1345 | D:1      | Learned a level 3 spell: Inner Flame
  1645 | D:3      | Noticed DarthKuruptios's ghost (weakling MiBe)
  2170 | D:3      | Slain by DarthKuruptios's ghost

Action                   || total
-------------------------++-------
Melee: Unarmed           ||    30
 Cast: Flame Tongue      ||    83
       Inner Flame       ||     1
  Use: Scroll            ||     2
  Eat: Chunk             ||     4
